 Dungeon Crawl Stone Soup version bcrawl-1.21 (webtiles) character file.

Game seed: 11990701738551798272

402 Freyura the Poker (level 6, -4/48 HPs)
             Began as a Merfolk Gladiator on Feb 9, 2020.
             Was a Believer of Elyvilon.
             Killed by divine providence
             ... invoked by an orc priest
              (11 damage)
             ... on level 4 of the Dungeon.
             The game lasted 00:06:58 (4161 turns).

Freyura the Poker (Merfolk Gladiator)               Turns: 4161, Time: 00:06:58

Health: -4/48      AC:  5    Str: 15    XL:     6   Next: 85%
Magic:  7/7        EV: 15    Int:  7    God:    Elyvilon [**....]
Gold:   166        SH:  0    Dex: 17    Spells: 5/5 levels left

rFire    . . .     SeeInvis .   a - +0 trident
rCold    . . .     Gourm    .   (no shield)
rNeg     . . .     Faith    .   b - +0 leather armour
rPois    .         Spirit   .   c - +0 helmet
rElec    .         Reflect  .   n - +0 cloak
rCorr    .         Harm     .   (no gloves)
MR       .....                  (no boots)
Stlth    +.........             (no amulet)
HPRegen  0.16/turn              (no ring)
MPRegen  0.10/turn              (no ring)

@: no status effects
A: change form in water, swift swim, stealthy swim
a: Lesser Healing, Heal Other, Divine Protection, Renounce Religion


You were on level 4 of the Dungeon.
You worshipped Elyvilon.
Elyvilon was pleased with you.
You were very hungry.

You visited 1 branch of the dungeon, and saw 4 of its levels.

You collected 166 gold pieces.

Inventory:

Hand Weapons
 a - a +0 trident (weapon)
Missiles
 d - 2 throwing nets (quivered) {!f}
Armour
 b - a +0 leather armour (worn)
 c - a +0 helmet (worn)
 n - a +0 cloak (worn)
Scrolls
 f - 2 scrolls of immolation
 j - 2 scrolls of teleportation
 k - a scroll of identify
Potions
 g - a potion of ambrosia {unknown}
 h - a potion of lignification
 i - a potion of berserk rage
 l - a potion of brilliance
 m - 2 potions of haste
 o - a potion of mutation {unknown}
Comestibles
 e - 8 rations {!d}


   Skills:
 + Level 4.0 Fighting
 * Level 7.9 Polearms
 - Level 2.0 Throwing
 + Level 5.8 Dodging
 + Level 2.0 Invocations


You had 5 spell levels left.
You didn't know any spells.
Your spell library was empty.

Dungeon Overview and Level Annotations

Branches:
Dungeon (4/12)
 Temple: D:4-7

Altars:
Elyvilon


Message History

You closely miss the orc.
The orc is almost dead.
You barely miss the orc.
The orc is almost dead.
The orc hits you but does no damage. The orc priest closely misses you.
You hit the orc.
You kill the orc!
The orc priest mumbles some strange prayers to Beogh against you.
You barely resist.
Things that are here:
a +0 hand axe; a +0 scale mail You hit the orc priest but do no damage.
The orc priest barely misses you.
The orc priest invokes the aid of Beogh against you.
Beogh smites you!
* * * LOW HITPOINT WARNING * * *
You hit the orc priest but do no damage.
The orc priest calls down the wrath of Beogh upon you.
Beogh smites you!
You die...

#................#
#.....#
##..............##
##.....รท
#.........>....#
#.......
#..............#
#.......
##............##
#........
##...........#
#........
##......<..##
.........
...........#
.........
#######@...#
......... #o####
#........ #o.
#....... +...
....... +..#.
...... #.####
..##.. #.# ......
#.# .#####


You could see 2 orc priests.

Vanquished Creatures
  An ogre (D:4)
  A scorpion (D:4)
  A crimson imp (D:4)
  A bullfrog skeleton (D:4)
  Crazy Yiuf (D:3)
  Jessica (D:2)
  An orc wizard (D:4)
  3 adders
  An ooze (D:3)
  2 worms (D:3)
  A leopard gecko (D:3)
  18 orcs
  5 bats
  3 giant cockroaches
  2 goblins (D:2)
  9 hobgoblins
  6 jackals
  3 quokkas
  A ball python (D:4)
  4 frilled lizards
  10 kobolds
  2 quokka skeletons (D:4)
  6 rats
83 creatures vanquished.

Notes
Turn   | Place    | Note
-------+----------+-------------------------------------------
     0 | D:1      | Freyura the Merfolk Gladiator began the quest for the Orb.
     0 | D:1      | Reached XP level 1. HP: 16/16 MP: 1/1
   151 | D:1      | Reached XP level 2. HP: 23/23 MP: 2/2
   265 | D:1      | Reached skill level 5 in Polearms
  1020 | D:2      | Reached XP level 3. HP: 28/28 MP: 3/3
  1402 | D:2      | Noticed Jessica
  1407 | D:2      | Killed Jessica
  1407 | D:2      | Reached XP level 4. HP: 34/34 MP: 4/4
  1703 | D:3      | Reached skill level 6 in Polearms
  1871 | D:3      | Found a white marble altar of Elyvilon.
  1886 | D:3      | Became a worshipper of Elyvilon the Healer
  2297 | D:3      | Reached skill level 5 in Dodging
  2530 | D:3      | Reached XP level 5. HP: 41/41 MP: 5/5
  2661 | D:3      | Found a runed door.
  3166 | D:3      | Noticed Crazy Yiuf
  3172 | D:3      | Killed Crazy Yiuf
  3373 | D:4      | Reached * piety under Elyvilon
  3434 | D:4      | Reached skill level 7 in Polearms
  3434 | D:4      | Reached skill level 1 in Invocations
  3469 | D:4      | Reached XP level 6. HP: 42/47 MP: 6/6
  4070 | D:4      | Reached ** piety under Elyvilon
  4161 | D:4      | Killed from afar by an orc priest

Skill      XL: |  1  2  3  4  5  6 |
---------------+-------------------+-----
Polearms       | 5 6 7 |  7.9
Fighting       | 3 4 |  4.0
Dodging        | 5 |  5.8
Invocations    | 1 2 |  2.0
Throwing       | |  2.0

Action                   |  1- 3 |  4- 6 || total
-------------------------+-------+-------++-------
Melee: Trident           |   103 |   202 ||   305
Throw: Throwing net      |       |     1 ||     1
  Use: Scroll            |       |     9 ||     9
 Stab: Sleeping          |     3 |     2 ||     5
  Eat: Chunk             |     1 |     5 ||     6
       Ration            |       |     1 ||     1
Armor: Leather armour    |    11 |    26 ||    37
Dodge: Dodged            |    47 |   131 ||   178
